 Dungeon Crawl Stone Soup version 0.23-a0-677-g07611c5 (webtiles) character file.

490 nikopol the Chopper (level 6, -1/84 HPs)
             Began as a Minotaur Berserker on Jan 9, 2019.
             Was a Priest of Trog.
             Slain by a centaur (5 damage)
             ... on level 5 of the Dungeon.
             The game lasted 00:07:27 (3704 turns).

nikopol the Chopper (Minotaur Berserker)            Turns: 3704, Time: 00:07:28

Health: -1/84      AC:  7    Str: 29    XL:     6   Next: 90%
Magic:  5/5        EV: 12    Int:  4    God:    Trog [***...]
Gold:   169        SH:  0    Dex:  9    Spells: 5/5 levels left

rFire    . . .     SeeInvis .   a - +0 hand axe
rCold    . . .     Gourm    .   (no shield)
rNeg     . . .     Faith    .   g - +0 ring mail
rPois    .         Spirit   .   (helmet restricted)
rElec    .         Reflect  .   (no cloak)
rCorr    .         Harm     .   x - +0 pair of gloves
MR       .....                  (no boots)
Stlth    ..........             (no amulet)
HPRegen  0.24/turn              (no ring)
MPRegen  0.09/turn              (no ring)

@: berserking, very quick
A: retaliatory headbutt, horns 2
a: Berserk, Trog's Hand, Renounce Religion


You were on level 5 of the Dungeon.
You worshipped Trog.
Trog was most pleased with you.
You were hungry.

You visited 1 branch of the dungeon, and saw 5 of its levels.

You collected 169 gold pieces.

Inventory:

Hand Weapons
 a - a +0 hand axe (weapon)
Missiles
 r - 36 arrows
Armour
 b - a +0 animal skin
 g - a +0 ring mail (worn)
 x - a +0 pair of gloves (worn)
Jewellery
 p - an uncursed amulet of magic regeneration {unknown}
 q - a cursed amulet of inaccuracy {unknown}
 w - an uncursed ring of protection from fire {unknown}
Wands
 u - a wand of polymorph (2)
Scrolls
 e - 6 scrolls of identify {unknown}
 f - a scroll of amnesia {unknown}
 h - 2 scrolls of noise {unknown}
 l - a scroll of blinking {unknown}
 n - a scroll of immolation {unknown}
 t - 2 scrolls of random uselessness {unknown}
 v - 2 scrolls of magic mapping {unknown}
 y - a scroll of teleportation {unknown}
 A - a scroll of remove curse {unknown}
Potions
 d - 2 potions of lignification {unknown}
 i - 2 potions of brilliance {unknown}
 j - a potion of berserk rage {unknown}
 k - 2 potions of haste
 m - a potion of mutation {unknown}
 o - 4 potions of heal wounds {unknown}
 s - a potion of flight {unknown}
 z - 4 potions of curing {unknown}
Comestibles
 c - 9 rations
 B - a chunk of flesh


   Skills:
 + Level 5.3 Fighting
 + Level 6.5 Axes
 + Level 4.6 Armour
 + Level 3.8 Dodging
 + Level 0.2 Stealth
 + Level 0.6 Unarmed Combat


You had 5 spell levels left.
You didn't know any spells.
Your spell library was empty.

Dungeon Overview and Level Annotations

Branches:
Dungeon (5/15)
 Temple: D:4-7

Altars:
Dithmenos
Trog
Zin


Innate Abilities, Weirdness & Mutations

You reflexively headbutt those who attack you in melee.
You have a pair of horns on your head.


Message History

A centaur comes into view.
The centaur shouts!
The centaur wields a +0 shortbow.
The centaur shoots an arrow.
The arrow hits you!
You see here an arrow.
You start resting.
The centaur is too close now for your liking.
The centaur shoots an arrow.
The arrow hits you!
* * * LOW HITPOINT WARNING * * *
You see here 2 arrows.
The centaur shoots an arrow.
The arrow barely misses you.
The centaur unwields a +0 shortbow.
The centaur barely misses you. You furiously retaliate!
You headbutt the centaur!
A red film seems to cover your vision as you go berserk!
You feel yourself moving faster!
You feel mighty!
You are feeling hungry.
The centaur hits you.
* * * LOW HITPOINT WARNING * * *
The centaur hits you.
You die...

## ### ### ### ####.#
8###8###.###8###8#..#.
................(..>..
..................###.#
##.....#####..........#
#.....# ####..####.
#.....# ##(# #.....#
##.#### #.....# #.@...#
##.##### #.c...#
.......# #.._..#
.......# ......#
.......# .........
....)..# ..###...#.#
.......# ... #..#.#
##.##### .... ..# #
##...


You could see a centaur.

Vanquished Creatures
  Eustachio (D:4)
  An orc priest (D:3)
  A bullfrog skeleton (D:4)
  Ijyb (D:3)
  An iguana (D:4)
  3 worker ants
  A worker ant zombie (D:5)
  4 adders
  3 dart slugs
  2 worms (D:2)
  2 leopard geckos
  7 orcs (D:3)
  2 ball pythons
  12 giant cockroaches
  5 goblins
  13 hobgoblins
  7 jackals (D:1)
  A quokka (D:3)
  13 bats
  5 frilled lizards (D:1)
  7 kobolds
  A quokka skeleton (D:4)
  6 rats
99 creatures vanquished.

Notes
Turn   | Place    | Note
-------+----------+-------------------------------------------
     0 | D:1      | nikopol the Minotaur Berserker began the quest for the Orb.
     0 | D:1      | Reached XP level 1. HP: 19/19 MP: 0/0
    80 | D:1      | Reached XP level 2. HP: 21/27 MP: 1/1
    81 | D:1      | Reached skill level 4 in Axes
   317 | D:1      | Reached ** piety under Trog
   324 | D:1      | Reached XP level 3. HP: 32/33 MP: 2/2
   933 | D:2      | Reached XP level 4. HP: 32/41 MP: 3/3
  1302 | D:2      | Reached *** piety under Trog
  1552 | D:3      | Reached skill level 5 in Axes
  1807 | D:3      | Noticed Ijyb
  1855 | D:3      | Killed Ijyb
  1855 | D:3      | Reached XP level 5. HP: 35/47 MP: 4/4
  2223 | D:3      | Found a bloodstained altar of Trog.
  2789 | D:4      | Noticed Eustachio
  3060 | D:4      | Killed Eustachio
  3060 | D:4      | Reached skill level 5 in Fighting
  3060 | D:4      | Reached skill level 6 in Axes
  3060 | D:4      | Reached XP level 6. HP: 56/56 MP: 5/5
  3601 | D:4      | Found a glowing silver altar of Zin.
  3635 | D:5      | Entered Level 5 of the Dungeon
  3697 | D:5      | Found a shadowy altar of Dithmenos.
  3704 | D:5      | HP: 4/84 [centaur (3)]
  3704 | D:5      | Slain by a centaur

Vault maps used:
D:1:      shiori_arrival_maze
D:3:      minmay_misc_feat_enclosed, trog_hazing_becter, uniq_ijyb
D:4:      kennysheep_little_box, uniq_eustachio
D:5:      minmay_overflow_temple_star_quad, basic_altar, first_ration,
          serial_corexii_hall, chequers_hall_statues_wall_a,
          chequers_hall_statues_wall_a

Skill      XL: |  1  2  3  4  5 |
---------------+----------------+-----
Axes           | 4 5 6 |  6.5
Fighting       | 4 5 |  5.3
Armour         | 3 4 |  4.6
Dodging        | 3 |  3.8
Stealth        | |  0.2
Unarmed Combat | |  0.6

Action                   |  1- 3 |  4- 6 || total
-------------------------+-------+-------++-------
Melee: Hand axe          |    79 |   136 ||   215
       Headbutt          |    10 |    26 ||    36
       Unarmed           |       |    39 ||    39
Invok: Berserk           |     1 |     4 ||     5
  Eat: Chunk             |     1 |     8 ||     9
       Ration            |       |     1 ||     1
Armor: Animal skin       |     5 |       ||     5
       Ring mail         |    30 |    37 ||    67
Dodge: Dodged            |    60 |   123 ||   183

Table legend:
 A = Non-vault XP
 B = Vault XP
 C = Vault XP percentage of total XP
 D = Non-vault monster count
 E = Vault monster count
 F = Vault count percentage of total count
                 A         B        C        D         E       F
            +---------+---------+-------+---------+---------+-------
      Total |     440 |     261 |  37.2 |      89 |      10 |  10.1
            +---------+---------+-------+---------+---------+-------
        D:1 |      62 |       4 |   6.1 |      35 |       2 |   5.4
        D:2 |      63 |       0 |   0.0 |      19 |       0 |   0.0
        D:3 |     108 |      49 |  31.2 |      21 |       7 |  25.0
        D:4 |     120 |     208 |  63.4 |       9 |       1 |  10.0
        D:5 |      87 |       0 |   0.0 |       5 |       0 |   0.0
            +---------+---------+-------+---------+---------+-------
